 Dungeon Sprint DCSS version 0.31-a0-564-g3b7de120b3 (webtiles) character file.

Game seed: 12156178919109388163

511 rocky1 the Martial Artist (level 7, 0/52 HPs)
             Began as a Djinni Shapeshifter on Aug 18, 2023.
             Was an Initiate of Gozag.
             Slain by a wight
             ... wielding a +2 battleaxe
              (13 damage)
             ... in the Dungeon (Sprint IX: "|||||||||||||||||||||||||||||").
             The game lasted 00:01:04 (193 turns).

rocky1 the Martial Artist (Djinni Shapeshifter)      Turns: 193, Time: 00:01:05

Health: 0/52       AC:  4    Str: 14    XL:     7   Next: 43%
Gold:   0          EV: 15    Int:  9    God:    Gozag SH:  0 Dex: 19

rFire   + +          .
                       - Unarmed
rCold   x . .        (no shield)
rNeg    . . .        a - +0 animal skin
rPois   ∞            (helmet currently unavailable)
rElec   .            (cloak currently unavailable)
rCorr   .            (gloves currently unavailable)
SInv    .            (boots unavailable)
Will    .....        (no amulet)
Stlth   ++           m - +3 ring of dexterity
HPRegen 0.28/turn    l - +2 ring of protection
MPRegen 0.00/turn

%: no teleportation, infuse magic (-1 HP)
@: beast-form, gold aura, flying
A: beast (slay +4), flying, sickness immunity, fire resistance 2, cold
vulnerability 1, float, innate caster, HP casting, extra vitality 1
a: Begin Untransformation, Renounce Religion, Potion Petition, Call Merchant,
Bribe Branch


You were in the Dungeon.
You worshipped Gozag.
Gozag was noncommittal.
You were a hulking beast.
You visited 1 branch

Inventory:

Armour
 a - a +0 animal skin (worn)
Jewellery
 l - a +2 ring of protection (right hand)
 m - a +3 ring of dexterity (left hand)
Talismans
 c - a beast talisman (active)
 d - a flux talisman
Wands
 k - a wand of iceblast (10)
Scrolls
 i - 2 scrolls of blinking
Potions
 e - 5 potions of curing
 f - a potion of invisibility
 g - a potion of haste
 h - a potion of berserk rage
 j - 2 potions of heal wounds


   Skills:
 + Level 4.0 Fighting
 + Level 5.6 Dodging
 + Level 1.0 Stealth
 + Level 10.4 Unarmed Combat
 + Level 7.5 Shapeshifting


You knew the following spells:

 Your Spells              Type           Power      Damage    Failure   Level
a - Summon Small Mammal   Summ           0%         N/A       38%         1
b - Momentum Strike       Conj/Tloc      0%         3d8       52%         2
c - Vampiric Draining     Necr           0%         2d6       77%         3
Your spell library was empty.

Dungeon Overview and Level Annotations

Branches:
Dungeon (1/1)

Altars:
Cheibriados
Dithmenos
Elyvilon
Fedhas
Gozag
Hepliaklqana
Makhleb
Nemelex Xobeh
Okawaru
Qazlal
Ru
Trog
Uskayaw
Wu Jian
Xom
Yredelemnul
Zin
The Shining One
Jiyva
Lugonu


Innate Abilities, Weirdness & Mutations

You are a hulking beast.
Your limbs bulge with bestial killing power. (Slay +4)
You are flying.
You are immune to sickness and miasma.
You are immune to poison.
Your flesh is very heat resistant. (rF++)
You are vulnerable to cold. (rC-)
You float through the air rather than walking.
You learn spells naturally, not from books.
Your magical power is your life essence.
You have superior vitality. (+4 MHP)


Message History

Your Unarmed Combat skill increases to level 10!
Your Shapeshifting skill increases to level 7!
You have reached level 7!
The power to cast Vampiric Draining wells up from within.
Spell assigned to 'c'.
Unknown command.
The centaur is no longer distracted by gold.
The centaur wields a +0 shortbow.
The centaur shoots an arrow.
The arrow completely misses you.
The acid dragon is distracted by your dazzling golden aura.
The acid dragon roars!
Your transformation is almost over.
The centaur shoots an arrow.
The arrow hits you but does no damage.
The centaur shoots an arrow.
The arrow hits you but does no damage.
The centaur shoots an arrow.
The arrow hits you but does no damage.
The centaur shoots an arrow.
The arrow hits you.
The centaur shoots an arrow.
The arrow hits you but does no damage.
The acid dragon is no longer distracted by gold.
The centaur shoots an arrow.
The arrow hits you.
The centaur shoots an arrow.
The arrow hits you but does no damage.
The centaur shoots an arrow.
The arrow hits you.
* * * LOW HITPOINT WARNING * * *
You smack the centaur!
Your punch misses the centaur.
The centaur is severely wounded.
The centaur unwields a +0 shortbow.
The centaur hits you but does no damage.
The centaur kicks you but does no damage.
You pummel the centaur!!
You kill the centaur!
Your Fighting skill increases to level 4!
Your Stealth skill increases to level 1!
You closely miss the wight. The wight hits you with a +2 battleaxe.
* * * LOW HITPOINT WARNING * * *
You smack the wight!
The wight is severely damaged.
You feel less wooden.
Your +0 animal skin unmelds from your body.
You turn into a hulking beast.
The wight hits you with a +2 battleaxe!
You die...
Your body crumbles into a pile of gold. ▓▓▓▓▓▓▓▓▓▓▓▓▓▓▓▓▓▓▓▓▓▓▓▓ .....Dzh.[[[.)?!'_______ ▓▓▓▓▓▓▓▓▓▓▓▓▓▓▓▓▓▓▓▓▓▓▓▓

You could see an acid dragon and a wight.

Vanquished Creatures
  2 yaks (D)
  A centaur (D)
  A killer bee (D)
  2 hounds (D)
  A jelly (D)
  A dart slug (D)
  2 orcs (D)
  An endoplasm (D)
  A bat (D)
  A frilled lizard (D)
  A rat (D)
14 creatures vanquished.

Notes
Turn   | Place    | Note
-------+----------+-------------------------------------------
     0 | D        | rocky1 the Djinni Shapeshifter began the quest for the Orb.
     0 | D        | Reached XP level 1. HP: 17/17 MP: 0/0
    20 | D        | Reached XP level 2. HP: 11/22 MP: 0/0
    85 | D        | Reached skill level 4 in Unarmed Combat
    85 | D        | Reached XP level 3. HP: 27/27 MP: 0/0
    85 | D        | Learned a level 1 spell: Summon Small Mammal
    90 | D        | Reached skill level 5 in Unarmed Combat
    90 | D        | Reached XP level 4. HP: 31/33 MP: 0/0
    94 | D        | Reached skill level 6 in Unarmed Combat
    94 | D        | Reached skill level 5 in Shapeshifting
    94 | D        | Reached XP level 5. HP: 32/38 MP: 0/0
    94 | D        | Learned a level 2 spell: Momentum Strike
    99 | D        | Found a snail-covered altar of Cheibriados.
    99 | D        | Found a shadowy altar of Dithmenos.
    99 | D        | Found a white marble altar of Elyvilon.
    99 | D        | Found a blossoming altar of Fedhas.
    99 | D        | Found an opulent altar of Gozag.
   100 | D        | Found a hazy altar of Hepliaklqana.
   101 | D        | Found a viscous altar of Jiyva.
   103 | D        | Found a corrupted altar of Lugonu.
   104 | D        | Found a burning altar of Makhleb.
   105 | D        | Found a sparkling altar of Nemelex Xobeh.
   106 | D        | Found an iron altar of Okawaru.
   107 | D        | Found a stormy altar of Qazlal.
   108 | D        | Found a sacrificial altar of Ru.
   110 | D        | Found a bloodstained altar of Trog.
   111 | D        | Found a hide-covered altar of Uskayaw.
   119 | D        | Became a worshipper of Gozag Ym Sagoz the Greedy
   126 | D        | Found an ornate altar of the Wu Jian Council.
   127 | D        | Found a shimmering altar of Xom.
   128 | D        | Found a basalt altar of Yredelemnul.
   129 | D        | Found a glowing silver altar of Zin.
   130 | D        | Found a glowing golden altar of the Shining One.
   156 | D        | Noticed an acid dragon
   156 | D        | Noticed a yak
   156 | D        | Noticed a centaur
   156 | D        | Noticed a yak
   171 | D        | Killed a yak
   172 | D        | Reached skill level 8 in Unarmed Combat
   172 | D        | Reached XP level 6. HP: 43/46 MP: 0/0
   176 | D        | Reached skill level 9 in Unarmed Combat
   180 | D        | Killed a yak
   181 | D        | Reached skill level 5 in Dodging
   181 | D        | Reached skill level 10 in Unarmed Combat
   181 | D        | Reached XP level 7. HP: 29/51 MP: 0/0
   181 | D        | Learned a level 3 spell: Vampiric Draining
   192 | D        | Reached skill level 1 in Stealth
   193 | D        | Slain by a wight

Illustrated notes

Levels and vault maps discovered:
D:        linesprint [early_d, line_temple, items_1, d_10, items_2, lair_1,
          lair_end, items_3, orc_1, orc_end, items_4, d_15, swamp_1, shoals_1,
          snake_1, spider_1, d_20, vaults_1, items_5, swamp_end, shoals_end,
          snake_end, spider_end, vaults_end, d_27, items_6, zot_1, zot_end,
          crypt_end, forest_end, elf_end, slime_end, tomb_end, abyss_end,
          pan_hell_end]

Skill      XL: |  1  2  3  4  5  6  7 |
---------------+----------------------+-----
Shapeshifting  | 3 4 5 6 7 |  7.5
Dodging        | 3 4 5 |  5.6
Unarmed Combat | 4 5 6 8 10 | 10.4
Fighting       | 2 3 4 |  4.0
Stealth        | 1 |  1.0

Action                     |  1- 3 |  4- 6 |  7- 9 || total
---------------------------+-------+-------+-------++-------
  Melee: Unarmed           |    33 |    25 |     4 ||    62
         Punch             |       |     3 |       ||     3
    Use: Potion            |     1 |     1 |       ||     2
 Armour: Animal skin       |     3 |       |       ||     3
         Skin              |       |    10 |     7 ||    17
  Dodge: Dodged            |    19 |     3 |     1 ||    23

Table legend: (Time is in decaauts)
 A = Elapsed time spent in this place.
 B = Non-inter-level travel time spent in this place.
 C = Inter-level travel time spent in this place.
 D = Time resting spent in this place.
 E = Time spent auto-exploring this place.
 F = Levels seen in this place.
 G = Mean time per level.
                   A        B        C        D        E       F      G
               +--------+--------+--------+--------+--------+-----+--------+
         Total |    185 |    185 |      0 |     44 |      0 |   1 |  185.0 |
       Dungeon |    185 |    185 |      0 |     44 |      0 |   1 |  185.0 |
               +--------+--------+--------+--------+--------+-----+--------+

Top non-repeatable levels by time:
       D: 185 daAuts
